 Dungeon Crawl Stone Soup version 0.24-a0-181-gd121a6d (webtiles) character file.

Game seed: 10055392968704026949

53 emperorscorpion the Insei (level 3, 0/28 HPs)
             Began as a Draconian Transmuter on Mar 14, 2019.
             Slain by a gnoll (6 damage)
             ... on level 2 of the Dungeon.
             The game lasted 00:03:27 (1830 turns).

emperorscorpion the Insei (Draconian Transmuter)    Turns: 1830, Time: 00:03:28

Health: 0/28       AC:  5    Str: 12    XL:     3   Next: 64%
Magic:  5/6        EV: 12    Int: 13    God:
Gold:   79         SH:  0    Dex: 12    Spells: 5/6 levels left

rFire    . . .     SeeInvis .     - Unarmed
rCold    . . .     Gourm    .   (no shield)
rNeg     . . .     Faith    +   (armour unavailable)
rPois    .         Spirit   .   (helmet restricted)
rElec    .         Reflect  .   (no cloak)
rCorr    .         Harm     .   (no gloves)
MR       .....                  (no boots)
Stlth    +.........             g - amulet of faith
HPRegen  0.09/turn              (no ring)
MPRegen  0.10/turn              (no ring)

@: very slightly contaminated
A: unfitting armour, cold-blooded, AC +5
a: no special abilities


You were on level 2 of the Dungeon.
You were not hungry.

You visited 1 branch of the dungeon, and saw 2 of its levels.

You collected 79 gold pieces.

Inventory:

Missiles
 a - 12 arrows
 l - 12 poisoned needles
Jewellery
 g - an amulet of faith (around neck)
Wands
 o - a wand of random effects (28)
Scrolls
 f - 3 scrolls of teleportation {unknown}
 h - a scroll of identify
 i - a scroll of remove curse {unknown}
 k - a scroll of fog {unknown}
Potions
 b - a potion of flight
 d - a potion of curing {unknown}
 e - a potion of agility {unknown}
 j - a potion of might {unknown}
 n - a potion of degeneration {unknown}
Comestibles
 c - 6 rations


   Skills:
 + Level 1.3 Fighting
 + Level 2.0 Dodging
 + Level 0.7 Stealth
 + Level 3.8 Unarmed Combat
 + Level 2.4 Spellcasting
 + Level 2.3 Transmutations


You had 5 spell levels left.
You knew the following spells:

 Your Spells              Type           Power        Failure   Level  Hunger
a - Beastly Appendage     Tmut           #.....       10%         1    #......

Your spell library contained the following spells:

 Spells                   Type           Power        Failure   Level  Hunger
 Sticks to Snakes         Tmut           #.......     14%         2    ###....
 Spider Form              Tmut/Pois      #.........   41%         3    ###....
 Ice Form                 Ice/Tmut       #.......     83%         4    #####..
 Blade Hands              Tmut           #.........   95%         5    ######.


Dungeon Overview and Level Annotations

Branches:
Dungeon (2/15)

Altars:
Ashenzari
Vehumet


Innate Abilities, Weirdness & Mutations

Your plain brown scales are hard. (AC +5)
You cannot fit into any form of body armour.
You are cold-blooded and may be slowed by cold attacks.


Message History

You hit the hobgoblin. You tail-slap the hobgoblin.
You kill the hobgoblin!
The gnoll hits you but does no damage.
You hit the gnoll.
Your tail-slap misses the gnoll.
The gnoll is moderately wounded.
The gnoll hits you but does no damage.
You hit the gnoll.
The gnoll is moderately wounded.
The gnoll barely misses you.
You hit the gnoll.
Your tail-slap misses the gnoll.
The gnoll is severely wounded.
The gnoll completely misses you.
You closely miss the gnoll.
The gnoll is severely wounded.
The gnoll hits you!
* * * LOW HITPOINT WARNING * * *
You hit the gnoll but do no damage.
The gnoll is severely wounded.
The gnoll hits you.
You die...

(>..^...# (#####.## '# #.#
.g #.# .≈# #.# .g. #.#
.o####.# .≈.#.#.## #########
.≈##.#..# #.@gg.(.# ###.##.#
#(####''#### ##......#
#.#≈≈≈§§≈≈≈# ##.#.####
#.#§≈§§.§≈≈# ##.#.####
#.#≈≈##.#≈≈### ........#
#.'.g#§≈)..'.#
...####.#######.'...≈.#.§§.#
##.# #.........#≈§#.##§≈#.#
##.# ###.########≈≈≈..≈§≈#.#


You could see a gnoll and a goblin.

Vanquished Creatures
  A gnoll (D:2)
  A dart slug (D:1)
  A leopard gecko (D:1)
  An orc (D:2)
  2 ball pythons (D:2)
  9 bats
  A giant cockroach (D:2)
  8 goblins
  2 hobgoblins
  2 frilled lizards (D:1)
  7 kobolds
  5 rats
40 creatures vanquished.

Notes
Turn   | Place    | Note
-------+----------+-------------------------------------------
     0 | D:1      | emperorscorpion the Draconian Transmuter began the quest
                  | for the Orb.
     0 | D:1      | Reached XP level 1. HP: 16/16 MP: 3/3
   221 | D:1      | Reached XP level 2. HP: 5/23 MP: 3/5
  1286 | D:2      | Reached XP level 3. HP: 26/28 MP: 6/6
  1624 | D:2      | Found a radiant altar of Vehumet.
  1624 | D:2      | Found a shattered altar of Ashenzari.
  1830 | D:2      | Slain by a gnoll

Levels and vault maps discovered:
D:1:      dpeg_arrival_rooms_c, layout_rooms
D:2:      layout_loops_cross, marbit_many_paths, old_standard_altar,
          okawaru_altar_gauntlet_db, gammafunk_temple_overflow_elements,
          first_ration, kennysheep_generic_room_4

Skill      XL: |  1  2  3 |
---------------+----------+-----
Dodging        | 2 |  2.0
Fighting       | |  1.3
Stealth        | |  0.7
Unarmed Combat | |  3.8
Spellcasting   | |  2.4
Transmutations | |  2.3

Action                   || total
-------------------------++-------
Melee: Unarmed           ||   143
       Kick              ||     5
       Tailslap          ||    12
       Headbutt          ||     4
       Punch             ||     1
 Cast: Beastly Appendage ||     8
  Use: Scroll            ||     1
 Stab: Sleeping          ||     1
  Eat: Chunk             ||     3
Armor: Skin              ||    47
Dodge: Dodged            ||   116

Table legend:
 A = Non-vault XP
 B = Vault XP
 C = Vault XP percentage of total XP
 D = Non-vault monster count
 E = Vault monster count
 F = Vault count percentage of total count
                 A         B        C        D         E       F
            +---------+---------+-------+---------+---------+-------
      Total |      54 |      23 |  29.9 |      35 |       5 |  12.5
            +---------+---------+-------+---------+---------+-------
        D:1 |      35 |       0 |   0.0 |      22 |       0 |   0.0
        D:2 |      19 |      23 |  54.8 |      13 |       5 |  27.8
            +---------+---------+-------+---------+---------+-------
